 Dungeon Crawl Stone Soup version 0.24.0-13-gcf9b319 (webtiles) character file.

Game seed: 16853217546654950163, levelgen mode: deterministic

9893 2bobheroes the Nimble (level 11, -14/77 HPs)
             Began as a Gnoll Gladiator on Jan 31, 2020.
             Was an Elder of Hepliaklqana.
             Demolished by a white ugly thing (16 damage)
             ... in an ice cave on Feb 1, 2020.
             The game lasted 01:02:47 (12888 turns).

2bobheroes the Nimble (Gnoll Gladiator)            Turns: 12888, Time: 01:02:49

Health: -14/77     AC: 11    Str: 24    XL:     11   Next: 53%
Magic:  20/20      EV: 17    Int: 10    God:    Hepliaklqana [****..]
Gold:   553        SH: 11    Dex: 18    Spells: 22/22 levels left

rFire    x . .     SeeInvis .   U - staff of air
rCold    + . .     Gourm    .   N - +0 shield
rNeg     . . .     Faith    .   R - +0 troll leather armour
rPois    .         Spirit   .   T - +0 helmet
rElec    +         Reflect  .   S - +0 cloak
rCorr    .         Harm     .   j - +0 pair of gloves
MR       .....                  c - +1 pair of boots {Stlth+}
Stlth    +++++.....             D - amulet of the acrobat
HPRegen  0.62/turn              y - ring of stealth
MPRegen  0.17/turn              P - ring of ice

@: mighty, berserk cooldown, hasted and slowed
A: distributed training, reduced essence, fangs 1, strong nose
a: Recall Ancestor, Ancestor Identity, Transference, Idealise, Renounce Religion


You were in an ice cave.
You worshipped Hepliaklqana.
Hepliaklqana was greatly pleased with you.
You were not hungry.

You visited 1 branch of the dungeon, and saw 11 of its levels.
You also visited: Ice Cave.

You collected 577 gold pieces.
You spent 24 gold pieces at shops.

Inventory:

Hand Weapons
 a - a +1 dagger of distortion
 g - a +2 short sword of freezing
 l - a +0 falchion
 m - a +0 shortbow of flaming
 t - a +1 shortbow of flaming
 G - a +1 dagger of draining
Missiles
 d - 5 throwing nets
 e - 482 stones
 p - 14 boomerangs
 r - 77 poisoned darts (quivered)
 Y - 155 arrows
Armour
 c - a +1 pair of boots of stealth (worn)
 j - a +0 pair of gloves (worn)
 L - a +0 plate armour
 N - a +0 shield (worn)
 R - a +0 troll leather armour (worn)
 S - a +0 cloak (worn)
 T - a +0 helmet (worn)
 W - a +0 chain mail
Magical Staves
 U - an uncursed staff of air (weapon)
Jewellery
 y - a ring of stealth (left hand)
 D - an amulet of the acrobat (around neck)
 I - an uncursed amulet of rage {unknown}
 O - an uncursed ring of resist corrosion
 P - a ring of ice (right hand)
 Q - an uncursed ring of see invisible
 V - an uncursed ring of wizardry
Wands
 b - a wand of iceblast (10)
 k - a wand of paralysis (13)
 J - a wand of flame (24)
 Z - a wand of clouds (5)
Scrolls
 i - 3 scrolls of fog
 n - 2 scrolls of enchant weapon
 o - 5 scrolls of remove curse
 q - a scroll of identify
 u - 6 scrolls of teleportation
 C - a scroll of amnesia {unknown}
 H - a scroll of holy word {unknown}
 K - 3 scrolls of magic mapping {unknown}
 M - 2 scrolls of random uselessness {unknown}
 X - a scroll of fear {unknown}
Potions
 h - a potion of cancellation
 s - 3 potions of mutation
 v - 2 potions of curing
 w - 3 potions of flight
 A - a potion of haste
Comestibles
 f - 10 rations
 x - 4 chunks of flesh


   Skills:
 + Level 7.8 Fighting
 + Level 6.2 Short Blades
 + Level 6.2 Long Blades
 + Level 6.2 Axes
 + Level 6.2 Maces & Flails
 + Level 6.2 Polearms
 + Level 9.1 Staves
 + Level 6.2 Slings
 + Level 6.2 Bows
 + Level 6.2 Crossbows
 + Level 7.8 Throwing
 + Level 6.2 Armour
 + Level 9.1 Dodging
 + Level 6.2 Stealth
 + Level 6.2 Shields
 + Level 6.2 Unarmed Combat
 + Level 6.2 Spellcasting
 + Level 5.2 Conjurations
 + Level 5.2 Hexes
 + Level 5.2 Charms
 + Level 5.2 Summonings
 + Level 5.2 Necromancy
 + Level 5.2 Translocations
 + Level 5.2 Transmutations
 + Level 5.2 Fire Magic
 + Level 5.2 Ice Magic
 + Level 5.2 Air Magic
 + Level 5.2 Earth Magic
 + Level 5.2 Poison Magic
 + Level 6.9 Invocations
 + Level 6.2 Evocations


You had 22 spell levels left.
You didn't know any spells.
Your spell library was empty.

Dungeon Overview and Level Annotations

Branches:
Dungeon (11/15)            Temple (0/1) D:4            Lair (0/6) D:10
    Orc (0/2) D:10          IceCv (1/1)

Altars:
Cheibriados
Dithmenos
Elyvilon
Fedhas
Gozag
Hepliaklqana
Makhleb
Nemelex Xobeh
Okawaru
Qazlal
Ru
Trog
Uskayaw
Xom
Yredelemnul
The Shining One

Shops:
D:8 =


Innate Abilities, Weirdness & Mutations

Your experience applies equally to all skills.
You have very sharp teeth.
Your uncanny sense of smell can sniff out nearby items.
Your life essence is reduced to manifest your ancestor. (-10% HP)


Message History

You hit the white ugly thing.
The white ugly thing is moderately wounded.
The white ugly thing claws you.
* * * LOW HITPOINT WARNING * * *
The white ugly thing freezes you! You resist.
* * * LOW HITPOINT WARNING * * *
You feel better.
You block the white ugly thing's attack.
You feel better.
The white ugly thing completely misses you.
You hit the white ugly thing.
The white ugly thing is moderately wounded.
The white ugly thing claws you but does no damage.
You hit the white ugly thing.
The white ugly thing is electrocuted!
Your bite misses the white ugly thing.
The white ugly thing is moderately wounded.
The white ugly thing claws you!
* * * LOW HITPOINT WARNING * * *
The white ugly thing freezes you! You resist.
You die...

#......!......#
#....8...8....#
#.............#
#...........#
#...........#
#.....∩.....#
##.........##
##...∩u..##
##...@.##
#######


You could see a white ugly thing.

Vanquished Creatures
  2 two-headed ogres
  A cyclops (D:10)
  A troll (D:10)
  A shadow (D:10)
  Sigmund (D:4)
  A wyvern (D:9)
  A wraith (D:10)
  A steam dragon (D:11)
  A warg (D:10)
  3 orc warriors
  9 ice beasts
  A sky beast (D:7)
  A black bear (D:9)
  A phantom (D:4)
  5 ogres
  A necrophage (D:9)
  4 centaurs
  A big kobold (D:10)
  6 bullfrogs
  A scorpion (D:7)
  8 killer bees
  9 wights
  3 howler monkeys
  3 crimson imps
  2 hounds
  Crazy Yiuf (D:6)
  11 orc priests
  A centaur skeleton (D:7)
  10 orc wizards
  3 iguanas
  Ijyb (D:2)
  3 worker ants
  A hound zombie (D:6)
  A worker ant zombie (D:8)
  6 gnolls
  8 adders
  10 white imps
  An ooze (D:1)
  2 adder zombies
  2 dart slugs
  3 leopard geckos
  34 orcs
  3 ball pythons
  4 giant cockroaches
  11 goblins
  8 hobgoblins
  6 jackals
  5 quokkas
  9 bats
  2 frilled lizards
  2 gnoll zombies (D:8)
  A jackal zombie (D:5)
  13 kobolds
  A leopard gecko skeleton (D:4)
  7 rats
238 creatures vanquished.

Vanquished Creatures (collateral kills)
  A komodo dragon (D:10)
  A wyvern (D:9)
  A steam dragon (D:9)
  A water moccasin (D:10)
  A black bear (D:9)
  3 sky beasts (D:10)
  2 orc warriors
  3 ogres (D:8)
  3 centaurs
  A big kobold (D:9)
  A scorpion (D:9)
  A killer bee (D:9)
  A wight (D:8)
  A crimson imp (D:9)
  A bullfrog zombie (D:10)
  2 hounds
  A quasit (D:9)
  An orc priest (D:9)
  A gnoll shaman (D:8)
  4 orc wizards
  A bullfrog skeleton (D:9)
  2 worker ants
  An iguana (D:9)
  5 gnolls
  3 adders
  A white imp (D:10)
  A worm (D:6)
  9 orcs
  3 kobolds
57 creatures vanquished.

Vanquished Creatures (others)
  5 hexers
  An ancestor (D:6)
  A white imp (D:11)
7 creatures vanquished.

Grand Total: 302 creatures vanquished

Notes
Turn   | Place    | Note
-------+----------+-------------------------------------------
     0 | D:1      | 2bobheroes the Gnoll Gladiator began the quest for the Orb.
     0 | D:1      | Reached XP level 1. HP: 20/20 MP: 1/1
   223 | D:1      | Reached XP level 2. HP: 26/26 MP: 2/2
   498 | D:1      | Reached XP level 3. HP: 30/31 MP: 3/3
   952 | D:2      | Reached skill level 1 in Invocations
   958 | D:2      | Reached skill level 1 in Short Blades
   958 | D:2      | Reached skill level 1 in Long Blades
   958 | D:2      | Reached skill level 1 in Axes
   958 | D:2      | Reached skill level 1 in Maces & Flails
   958 | D:2      | Reached skill level 1 in Polearms
   958 | D:2      | Reached skill level 1 in Slings
   958 | D:2      | Reached skill level 1 in Bows
   958 | D:2      | Reached skill level 1 in Crossbows
   958 | D:2      | Reached skill level 1 in Armour
   958 | D:2      | Reached skill level 1 in Stealth
   958 | D:2      | Reached skill level 1 in Shields
   958 | D:2      | Reached skill level 1 in Unarmed Combat
   958 | D:2      | Reached skill level 1 in Spellcasting
   958 | D:2      | Reached skill level 1 in Evocations
   958 | D:2      | Reached XP level 4. HP: 17/38 MP: 5/5
   962 | D:2      | Reached skill level 1 in Conjurations
   962 | D:2      | Reached skill level 1 in Hexes
   962 | D:2      | Reached skill level 1 in Charms
   962 | D:2      | Reached skill level 1 in Summonings
   962 | D:2      | Reached skill level 1 in Necromancy
   962 | D:2      | Reached skill level 1 in Translocations
   962 | D:2      | Reached skill level 1 in Transmutations
   962 | D:2      | Reached skill level 1 in Fire Magic
   962 | D:2      | Reached skill level 1 in Ice Magic
   962 | D:2      | Reached skill level 1 in Air Magic
   962 | D:2      | Reached skill level 1 in Earth Magic
   962 | D:2      | Reached skill level 1 in Poison Magic
  1009 | D:2      | HP: 1/38 [orc wizard/magic dart (3)]
  1015 | D:2      | Reached XP level 5. HP: 2/43 MP: 5/7
  1401 | D:2      | Noticed Ijyb
  1431 | D:2      | Killed Ijyb
  1632 | D:2      | Found a white marble altar of Elyvilon.
  2203 | D:3      | Found a hazy altar of Hepliaklqana.
  2313 | D:3      | Became a worshipper of Hepliaklqana the Forgotten
  2497 | D:4      | Found a staircase to the Ecumenical Temple.
  2511 | D:4      | Noticed an ogre
  2518 | D:4      | Killed an ogre
  2518 | D:4      | Reached XP level 6. HP: 45/45 MP: 8/8
  2525 | D:4      | Reached skill level 5 in Fighting
  2525 | D:4      | Reached skill level 5 in Throwing
  2545 | D:4      | Noticed a phantom
  2561 | D:4      | Killed a phantom
  2701 | D:4      | Noticed Sigmund
  2711 | D:4      | Killed Sigmund
  2711 | D:4      | Reached XP level 7. HP: 43/50 MP: 10/10
  2715 | D:4      | Found an iron altar of Okawaru.
  2719 | D:4      | Found a hide-covered altar of Uskayaw.
  3291 | D:5      | Entered Level 5 of the Dungeon
  3392 | D:5      | Found an iron altar of Okawaru.
  3475 | D:5      | Reached * piety under Hepliaklqana
  3564 | D:5      | You fall into a shaft and drop 1 floor!
  3574 | D:7      | Found a stormy altar of Qazlal.
  3806 | D:7      | Reached XP level 8. HP: 32/56 MP: 12/12
  4981 | D:6      | Found a sacrificial altar of Ru.
  4981 | D:6      | Found a shadowy altar of Dithmenos.
  4982 | D:6      | Found a snail-covered altar of Cheibriados.
  5055 | D:5      | HP: 1/57 [orc warrior/+2 short sword of freezing (2)]
  5449 | D:6      | Found a shimmering altar of Xom.
  5449 | D:6      | Found a blossoming altar of Fedhas.
  5523 | D:6      | Found a runed translucent door.
  5524 | D:6      | Noticed Crazy Yiuf
  5569 | D:6      | Found a glowing golden altar of the Shining One.
  5838 | D:6      | Killed Crazy Yiuf
  6140 | D:7      | Reached XP level 9. HP: 62/62 MP: 14/14
  6177 | D:7      | Reached ** piety under Hepliaklqana
  6178 | D:7      | Remembered your ancestor Amyrtaeus as a hexer
  7650 | D:8      | Found a basalt altar of Yredelemnul.
  7861 | D:8      | Found Utoqi's Jewellery Shoppe.
  7872 | D:8      | Bought a cursed amulet of inaccuracy for 24 gold pieces
  7959 | D:8      | Found a sparkling altar of Nemelex Xobeh.
  7959 | D:8      | Found an opulent altar of Gozag.
  8391 | D:9      | Reached skill level 5 in Invocations
  8750 | D:9      | Reached XP level 10. HP: 46/69 MP: 15/17
  8929 | D:9      | Reached *** piety under Hepliaklqana
  8944 | D:9      | Noticed a two-headed ogre
  8958 | D:9      | Killed a two-headed ogre
  8958 | D:9      | Reached skill level 5 in Short Blades
  8958 | D:9      | Reached skill level 5 in Long Blades
  8958 | D:9      | Reached skill level 5 in Axes
  8958 | D:9      | Reached skill level 5 in Maces & Flails
  8958 | D:9      | Reached skill level 5 in Polearms
  8958 | D:9      | Reached skill level 5 in Slings
  8958 | D:9      | Reached skill level 5 in Bows
  8958 | D:9      | Reached skill level 5 in Crossbows
  8958 | D:9      | Reached skill level 5 in Armour
  8958 | D:9      | Reached skill level 5 in Stealth
  8958 | D:9      | Reached skill level 5 in Shields
  8958 | D:9      | Reached skill level 5 in Unarmed Combat
  8958 | D:9      | Reached skill level 5 in Spellcasting
  8958 | D:9      | Reached skill level 5 in Evocations
  9316 | D:9      | Found a bloodstained altar of Trog.
 10194 | D:9      | Found a burning altar of Makhleb.
 10842 | D:10     | Entered Level 10 of the Dungeon
 11475 | D:10     | Found a staircase to the Orcish Mines.
 11479 | D:10     | Reached XP level 11. HP: 74/74 MP: 19/19
 11531 | D:10     | Noticed a two-headed ogre
 11640 | D:10     | Killed a two-headed ogre
 11798 | D:10     | Found a staircase to the Lair.
 12110 | D:10     | Reached **** piety under Hepliaklqana
 12277 | D:10     | Reached skill level 5 in Conjurations
 12277 | D:10     | Reached skill level 5 in Hexes
 12277 | D:10     | Reached skill level 5 in Charms
 12277 | D:10     | Reached skill level 5 in Summonings
 12277 | D:10     | Reached skill level 5 in Necromancy
 12277 | D:10     | Reached skill level 5 in Translocations
 12277 | D:10     | Reached skill level 5 in Transmutations
 12277 | D:10     | Reached skill level 5 in Fire Magic
 12277 | D:10     | Reached skill level 5 in Ice Magic
 12277 | D:10     | Reached skill level 5 in Air Magic
 12277 | D:10     | Reached skill level 5 in Earth Magic
 12277 | D:10     | Reached skill level 5 in Poison Magic
 12353 | D:11     | Noticed a cyclops
 12516 | D:10     | Killed a cyclops
 12819 | D:11     | Found a frozen archway.
 12831 | D:11     | Noticed a manticore
 12836 | IceCv    | Entered an ice cave
 12836 | IceCv    | Noticed a white ugly thing
 12874 | IceCv    | HP: 4/114 [white ugly thing (6)]
 12884 | IceCv    | HP: 2/77 [white ugly thing (16)]
 12888 | IceCv    | Demolished by a white ugly thing

Levels and vault maps discovered:
D:1:      dpeg_arrival_solitude, layout_loops_ring
D:2:      kennysheep_the_goblin_king, layout_rooms, old_standard_altar,
          first_ration
D:3:      layout_loops_cross, marbit_many_paths
D:4:      cheibrodos_quashed, layout_loops_ring, minitemple,
          minmay_temple_entry_glass, chequers_serial_rivers_small_a,
          uniq_sigmund
D:5:      layout_gridville, okawaru_metal_pillars_1_2
D:6:      layout_cave_pools, tso_altar, gammafunk_temple_overflow_wave,
          gammafunk_temple_overflow_forgotten, uniq_crazy_yiuf_cottage
D:7:      layout_layer_cave, grunt_qazlal_clouds
D:8:      layout_basic, grunt_temple_overflow_opulence,
          lemuel_zombie_altar_yredelemnul, serial_shops, shop
D:9:      layout_layer_cave, trog_ov_bears_minmay, overflow_temple_1_default
D:10:     layout_long_grid, dpeg_oklobed_lair, erik_orc_4
D:11:     layout_rooms, serial_shops, bzr_entry_dummy,
          portal_ice_cave_entry_imps
IceCv:    ice_cave_statue_garden_transporter

Skill      XL: |  1  2  3  4  5  6  7  8  9 10 11 |
---------------+----------------------------------+-----
Invocations    | 1 2 3 4 5 6 |  6.9
Short Blades   | 1 2 3 4 5 6 |  6.2
Long Blades    | 1 2 3 4 5 6 |  6.2
Axes           | 1 2 3 4 5 6 |  6.2
Maces & Flails | 1 2 3 4 5 6 |  6.2
Polearms       | 1 2 3 4 5 6 |  6.2
Slings         | 1 2 3 4 5 6 |  6.2
Bows           | 1 2 3 4 5 6 |  6.2
Crossbows      | 1 2 3 4 5 6 |  6.2
Armour         | 1 2 3 4 5 6 |  6.2
Stealth        | 1 2 3 4 5 6 |  6.2
Shields        | 1 2 3 4 5 6 |  6.2
Unarmed Combat | 1 2 3 4 5 6 |  6.2
Spellcasting   | 1 2 3 4 5 6 |  6.2
Evocations     | 1 2 3 4 5 6 |  6.2
Conjurations   | 1 2 3 4 5 |  5.2
Hexes          | 1 2 3 4 5 |  5.2
Charms         | 1 2 3 4 5 |  5.2
Summonings     | 1 2 3 4 5 |  5.2
Necromancy     | 1 2 3 4 5 |  5.2
Translocations | 1 2 3 4 5 |  5.2
Transmutations | 1 2 3 4 5 |  5.2
Fire Magic     | 1 2 3 4 5 |  5.2
Ice Magic      | 1 2 3 4 5 |  5.2
Air Magic      | 1 2 3 4 5 |  5.2
Earth Magic    | 1 2 3 4 5 |  5.2
Poison Magic   | 1 2 3 4 5 |  5.2
Fighting       | 5 6 7 |  7.8
Throwing       | 5 6 7 |  7.8
Staves         | 7 8 9 |  9.1
Dodging        | 7 8 9 |  9.1

Action                   |  1- 3 |  4- 6 |  7- 9 | 10-12 || total
-------------------------+-------+-------+-------+-------++-------
Melee: Quarterstaff      |    96 |   109 |   151 |       ||   356
       Bite              |    10 |    12 |    86 |    89 ||   197
       Staff             |       |       |   301 |   603 ||   904
Throw: Stone             |       |       |     6 |     4 ||    10
       Dart              |       |       |       |     6 ||     6
Invok: Ancestor Identity |       |     1 |       |       ||     1
       Ancestor Life: He |       |       |     1 |       ||     1
Evoke: Wand              |       |       |     9 |       ||     9
  Use: Scroll            |     4 |     3 |     6 |     1 ||    14
       Potion            |       |     3 |       |     8 ||    11
 Stab: Sleeping          |       |     1 |     9 |     6 ||    16
       Distracted        |       |       |     4 |     4 ||     8
       Confused          |       |       |     6 |     4 ||    10
  Eat: Chunk             |       |     6 |    19 |    14 ||    39
Armor: Leather armour    |    17 |       |       |       ||    17
       Robe              |     2 |    22 |     6 |       ||    30
       Scale mail        |       |       |    65 |    48 ||   113
       Troll leather arm |       |       |       |    57 ||    57
Dodge: Dodged            |    66 |    85 |   237 |   344 ||   732
Block: Shield            |       |       |   127 |   303 ||   430
